 Dungeon Crawl Stone Soup version 0.15.1-3-g1b33baa (webtiles) character file.

935 Iskender the Covert (level 8, -3/50 HPs)
             Began as an Octopode Assassin on Oct 8, 2014.
             Was an Initiate of Dithmenos.
             Slain by a wyvern (17 damage)
             ... on Level 8 of the Dungeon.
             The game lasted 00:57:22 (5943 turns).

Iskender the Covert (Octopode Assassin)             Turns: 5943, Time: 00:57:23

HP  -3/50        AC  1     Str 10      XL: 8   Next: 11%
MP   8/8         EV 12     Int 11      God: Dithmenos [......]
Gold 274         SH  0     Dex 16      Spells:  1 memorised,  5 levels left

rFire  . . .     SeeInvis .     R - +2 short sword of Awkwardness {flame, rF+ rN+}
rCold  + . .     Clarity  .     (no shield)
rNeg   + . .     rCorr    .     (helmet restricted)
rPois  .         rRot     .     A - amulet of the gourmand
rElec  .         Spirit   .     G - cursed -2 ring of intelligence
SustAb .         Warding  .     Q - ring of ice
rMut   .         Rnd*Tele +     W - cursed ring of teleportation
Gourm  +                        (no ring)
MR     .....                    (no ring)
                                (no ring)
                                (no ring)
                                (no ring)

@: not resistant to hostile enchantments, very stealthy
A: almost no armour, amphibious, 8 rings, constrict 8, camouflage 1, gelatinous
body 1
a: Renounce Religion, Evoke Teleportation


You were on level 8 of the Dungeon.
You worshipped Dithmenos.
Dithmenos was noncommittal.
You were very full.

You visited 2 branches of the dungeon, and saw 9 of its levels.
You also visited: Ossuary.

You collected 274 gold pieces.

Inventory:

Hand weapons
 a - a +2 dagger
 b - a +0 blowgun
 k - a cursed -3 war axe
 m - a +0 short sword
 n - a +0 shortbow
 r - a +0 spear
 D - a +0 cutlass
 I - a +0 dire flail
 L - a +2 trident of venom
 M - the +6 falchion "Newtslayer" {slice, rC+ Stlth+, unknown}
   (You found it on level 7 of the Dungeon)

   It inflicts extra damage upon your enemies.
   It protects you from cold.
   It makes you more stealthy.
 R - the +2 short sword of Awkwardness (weapon) {flame, rF+ rN+}
   (You took it off a hobgoblin on level 5 of the Dungeon)

   It emits flame when wielded, causing extra injury to most foes and up to
   double damage against particularly susceptible opponents.
   Big, fiery blades are also staple armaments of hydra-hunters.
   It protects you from fire.
   It protects you from negative energy.
   Dithmenos disapproves of the use of such an item.
 T - a cursed -3 hunting sling
 X - a +1 hand axe of venom
Missiles
 c - 77 stones (quivered)
 e - 25 poisoned needles
 f - 2 curare-tipped needles
 h - 101 arrows
 s - 45 bolts
 x - 20 arrows of dispersal
Armour
 y - a +0 large shield
Magical devices
 v - a wand of slowing (11)
 H - a wand of enslavement (13)
 P - a wand of magic darts (0)
Comestibles
 d - a slice of pizza
 g - 5 bread rations
 j - a royal jelly
 l - 5 fruits
 u - 2 beef jerkies
 O - 2 meat rations
Scrolls
 o - 4 scrolls of recharging
 z - 2 scrolls of identify
 B - a scroll of amnesia
 C - a scroll of noise
Jewellery
 p - an uncursed amulet of rage
 t - an uncursed amulet of guardian spirit
 A - an amulet of the gourmand (around mantle)
 G - a cursed -2 ring of intelligence (left tentacle)
 Q - a ring of ice (right tentacle)
 W - a cursed ring of teleportation (on tentacle)
Potions
 i - a potion of cure mutation
 q - a potion of poison
 w - a potion of heal wounds
 F - a potion of might
 J - a potion of haste
 N - a potion of beneficial mutation {unknown}
 S - 2 potions of curing {unknown}
 U - a potion of invisibility
 V - a potion of magic {unknown}
 Y - a potion of flight {unknown}
Books
 K - a book of Burglary

   Spells                             Type                      Level
   *Swiftness                         Charms/Air                   2
   Passwall                           Transmutation/Earth          3
   Passage of Golubria                Translocation                4
   Lee's Rapid Deconstruction         Earth                        5
   Invisibility                       Hexes                        6
   Darkness                           Hexes                        7


   Skills:
 - Level 2.0 Fighting
 - Level 4.1 Short Blades
 - Level 5.9 Throwing
 - Level 1.0 Dodging
 + Level 9.4 Stealth
 - Level 2.2 Charms


You had 5 spell levels left.
You knew the following spells:

 Your Spells              Type           Power        Failure   Level  Hunger
a - Swiftness             Chrm/Air       #.......     34%         2    ###....


Dungeon Overview and Level Annotations

Branches:
Dungeon (8/15)             Temple (1/1) D:5
   Lair: D:8-11

Altars:
Ashenzari
Cheibriados
Dithmenos
Fedhas
Kikubaaqudgha
Makhleb
Okawaru
Qazlal
Xom
Yredelemnul
Zin

Annotations:
D:4 CrazyArbalest's ghost, average HaFi; Dowan; Duvessa; Eustachio


Innate Abilities, Weirdness & Mutations

You cannot wear most types of armour.
You are amphibious.
You can wear up to eight rings at the same time.
You can use your tentacles to constrict many enemies at once.
Your skin changes colour to match your surroundings (Stealth).
Your rubbery body absorbs attacks (AC +1).


Message History

You hit the wyvern but do no damage.
The wyvern is severely wounded.
The wyvern bites you.
You hit the wyvern.
Dithmenos does not appreciate your starting fires!
You feel a little guilty.
You burn the wyvern.
The wyvern is severely wounded.
The wyvern bites you.
You hit the wyvern but do no damage. Your squeeze misses the wyvern.
The wyvern is severely wounded.
You hit the wyvern but do no damage.
The wyvern is severely wounded.
The wyvern bites you!
* * * LOW HITPOINT WARNING * * *
You hit the wyvern.
Dithmenos does not appreciate your starting fires!
You feel a little guilty.
You burn the wyvern.
The wyvern is almost dead.
The wyvern bites you!
You die...

.....#####.###.#.....######.#.###
.....# ##.......................
.....# #.................##..###
#.#..# ##....#.#....#####.##..#
#.##.###)........#### #.##..#
#.##..##.##.##.### ..##..#
#......%........# ...........#
...........#.#..####.....####.###
######.###......@........ ..#
.... ...........D.##..... ### ###
##.###[.....(.# ## ### #..
#........####### ..# ##.
#.....(..%.....# ..# .
..............# ..## ..
......(......# ...# #
#####.##(......## ...#
.........(......<#


You could see a wyvern.

Vanquished Creatures
  An ice beast (D:6)
  An ogre (D:5)
  A scorpion (D:4)
  An orc priest (D:7)
  3 crimson imps
  A black bear skeleton (D:5)
  An iguana (D:5)
  An orc wizard (D:5)
  6 worker ants
  A hound skeleton (D:6)
  10 adders
  A gnoll (D:2)
  A worker ant zombie (D:7)
  A worm zombie (D:5)
  A worm (D:2)
  A shadow imp (D:5)
  An adder zombie (D:5)
  A giant gecko (D:5)
  An ooze (D:1)
  5 orcs
  2 ball pythons
  11 bats
  A bat skeleton (D:6)
  16 hobgoblins
  12 jackals
  8 kobolds
  4 quokkas
  6 giant cockroaches
  4 giant newts
  A giant spore (D:6)
  13 goblins
  8 rats
  3 ballistomycetes (D:6)
129 creatures vanquished.

Vanquished Creatures (collateral kills)
  A centaur (D:8)
  2 ogres
  A bat (D:8)
4 creatures vanquished.

Vanquished Creatures (others)
  A plant (D:6)
1 creature vanquished.

Grand Total: 134 creatures vanquished

Notes
Turn   | Place    | Note
--------------------------------------------------------------
     0 | D:1      | Iskender, the Octopode Assassin, began the quest for the Orb.
     0 | D:1      | Reached XP level 1. HP: 14/14 MP: 1/1
   128 | D:1      | Reached XP level 2. HP: 5/19 MP: 2/2
   301 | D:1      | Found a shimmering altar of Xom.
   452 | D:1      | Reached XP level 3. HP: 22/24 MP: 3/3
   976 | D:2      | Found an ancient bone altar of Kikubaaqudgha.
  1197 | D:2      | Reached XP level 4. HP: 26/29 MP: 4/4
  1320 | D:2      | Found a snail-covered altar of Cheibriados.
  1828 | D:3      | Found a stormy altar of Qazlal.
  1995 | D:3      | Reached XP level 5. HP: 34/34 MP: 5/5
  2281 | D:4      | Noticed Duvessa
  2308 | D:4      | Noticed CrazyArbalest's ghost (average HaFi)
  2314 | D:4      | Noticed a phantom
  2391 | D:4      | Noticed Eustachio
  2420 | D:4      | Reached skill level 6 in Stealth
  2582 | D:4      | Reached XP level 6. HP: 39/39 MP: 6/6
  2602 | D:5      | Entered Level 5 of the Dungeon
  2667 | D:5      | Found a sand-covered staircase.
  2684 | Ossuary  | Entered an ossuary
  2684 | Ossuary  | Noticed Iskender's ghost (average OpAs)
  2823 | D:5      | Found a shattered altar of Ashenzari.
  3089 | D:4      | Noticed Dowan
  3285 | D:5      | Learned a level 2 spell: Swiftness
  3417 | D:5      | Reached skill level 5 in Throwing
  3417 | D:5      | Reached XP level 7. HP: 45/45 MP: 7/7
  3480 | D:5      | Got a twisted short sword
  3485 | D:5      | Found a staircase to the Ecumenical Temple.
  3492 | Temple   | Entered the Ecumenical Temple
  3533 | Temple   | Became a worshipper of Dithmenos the Shadowed
  3588 | D:5      | Found a glowing silver altar of Zin.
  3613 | D:5      | Identified the +2 short sword of Awkwardness {flame, rF+ rN+} (You took it off a hobgoblin on level 5 of the Dungeon)
  3979 | D:6      | Reached skill level 7 in Stealth
  4481 | D:6      | Reached skill level 8 in Stealth
  4501 | D:6      | Found a blossoming altar of Fedhas.
  5154 | D:7      | Got a smoking falchion
  5530 | D:8      | Found an iron altar of Okawaru.
  5578 | D:8      | Found a burning altar of Makhleb.
  5618 | D:8      | Noticed a wyvern
  5738 | D:8      | Reached XP level 8. HP: 35/50 MP: 8/8
  5785 | D:8      | Found a shimmering altar of Xom.
  5843 | D:8      | Reached skill level 9 in Stealth
  5943 | D:8      | Slain by a wyvern

Action                   |  1- 3 |  4- 6 |  7- 9 || total
-------------------------+-------+-------+-------++-------
Melee: Dagger            |    72 |    83 |     2 ||   157
       Short sword       |       |       |    20 ||    20
 Fire: Blowgun           |     4 |    32 |       ||    36
Throw: Stone             |    84 |    41 |   237 ||   362
       Javelin           |       |       |    25 ||    25
Evoke: Wand              |       |       |    10 ||    10
  Use: Scroll            |       |     3 |    10 ||    13
 Stab: Sleeping          |     9 |    12 |     2 ||    23
       Distracted        |       |     1 |       ||     1
  Eat: Chunk             |     1 |    16 |     8 ||    25
